 Dungeon Crawl Stone Soup version 0.31-a0-1-g4198be8af4 (webtiles) character file.

Game seed: 12685451743502644506

154 zxkuqyb the Ruffian (level 5, -15/33 HPs)
             Began as a Gargoyle Monk on May 2, 2023.
             Demolished by an ogre
             ... wielding a +0 giant club
              (23 damage)
             ... on level 4 of the Dungeon.
             The game lasted 00:14:17 (2466 turns).

zxkuqyb the Ruffian (Gargoyle Monk)                 Turns: 2466, Time: 00:14:18

Health: -15/33     AC:  8    Str: 17    XL:     5   Next: 36%
Magic:  5/5        EV: 12    Int: 10    God:
Gold:   171        SH:  0    Dex: 12    Spells: 4/4 levels left

rFire   . .          .
                       - Unarmed
rCold   . . .        (no shield)
rNeg    + . .        a - +0 robe
rPois   ∞            g - +0 helmet
rElec   +            (no cloak)
rCorr   .            (no gloves)
SInv    .            f - +0 pair of boots
Will    .....        (no amulet)
Stlth   +            (no ring)
HPRegen 0.25/turn    (no ring)
MPRegen 0.09/turn

%: no passive effects
@: no status effects
A: sickness immunity, AC +4, negative energy resistance 1, electricity
resistance, torment resistance 1, petrification resistance
a: no special abilities


You were on level 4 of the Dungeon.
You visited 1 branch of the dungeon, and saw 4 of its levels.

You collected 171 gold pieces.

Inventory:

Hand Weapons
 k - a +2 sling of draining
 s - a +1 dagger of electrocution
Missiles
 v - 2 atropa-tipped darts (quivered)
Armour
 a - a +0 robe (worn)
 c - an orb of light
 e - a +0 chain mail
 f - a +0 pair of boots (worn)
 g - a +0 helmet (worn)
 m - a +0 leather armour
Scrolls
 i - a scroll of vulnerability {unknown}
 j - 2 scrolls of enchant armour {unknown}
 n - 3 scrolls of identify {unknown}
 o - 2 scrolls of teleportation {unknown}
 p - 3 scrolls of amnesia {unknown}
 q - 3 scrolls of butterflies {unknown}
 t - a scroll of immolation {unknown}
Potions
 b - a potion of ambrosia
 d - a potion of lignification {unknown}
 h - 2 potions of curing {unknown}
 l - a potion of cancellation {unknown}
 u - a potion of haste {unknown}


   Skills:
 + Level 4.3 Fighting
 + Level 3.1 Dodging
 * Level 4.6 Unarmed Combat


You had 4 spell levels left.
You didn't know any spells.
Your spell library contained the following spells:

 Spells                   Type           Power      Damage    Failure   Level
 Manifold Assault         Tloc           0%         N/A       98%         4
 Dispersal                Tloc           0%         N/A       100%        6
 Disjunction              Tloc           0%         N/A       100%        8


Dungeon Overview and Level Annotations

Branches:
Dungeon (4/15)
 Temple: D:4-7

Altars:
Trog

Shops:
D:2 (


Innate Abilities, Weirdness & Mutations

You are immune to sickness and miasma.
Your stone body is resilient. (AC +4)
You are immune to poison.
You resist negative energy. (rN+)
You are resistant to electric shocks. (rElec)
You are resistant to unholy torment.
You are immune to petrification.


Message History

You throw a poisoned dart. The poisoned dart hits the ogre.
The ogre is moderately wounded.
The ogre attacks as you move away! The ogre barely misses you.
Found 4 gold pieces.
The ogre attacks as you move away!
The ogre hits you with a +0 giant club!!
Ouch! That really hurt!
* * * LOW HITPOINT WARNING * * *
Found a stone staircase leading down.
The ogre looks more healthy.
Throw: 4 darts (atropa)
Press: ? - help, Q - select action Shift-Dir - straight line, f/p - ogre
Aim: an ogre, wielding a +0 giant club (heavily wounded, 74% to hit, chance to blind on hit: 27%)
You throw an atropa-tipped dart.
The atropa-tipped dart barely misses the ogre.
The ogre attacks as you move away! The ogre hits you with a +0 giant club.
* * * LOW HITPOINT WARNING * * *
The ogre attacks as you move away! The ogre closely misses you.
Throw: 3 darts (atropa)
Press: ? - help, Q - select action Shift-Dir - straight line, f/p - ogre
Aim: an ogre, wielding a +0 giant club (heavily wounded, 74% to hit, chance to blind on hit: 27%)
You throw an atropa-tipped dart.
The atropa-tipped dart barely misses the ogre.
Throw: 2 darts (atropa)
Press: ? - help, Q - select action Shift-Dir - straight line, f/p - ogre
Aim: an ogre, wielding a +0 giant club (heavily wounded, 74% to hit, chance to blind on hit: 27%)
Okay, then.
You barely miss the ogre. You punch the ogre.
The ogre is heavily wounded.
The ogre closely misses you.
You hit the ogre.
The ogre is severely wounded.
You hit the ogre.
The ogre is almost dead.
The ogre barely misses you.
You barely miss the ogre.
The ogre is almost dead.
The ogre hits you with a +0 giant club!!
Ouch! That really hurt!
You die...

### ..# .
... .. #.#
# ..
#.#.#.#
##.#...#..
#.........
#>@# ##..
#.O# ....
#..#.....
#..#.....
#........
..
#..#.....#
$.##
#..#.##..#
....
#.(#..#..#
. ## #..
#..# .#..#


You could see an ogre.

Vanquished Creatures
  Jessica (D:3)
  4 adders
  A white imp (D:3)
  A worm (D:3)
  A dart slug (D:1)
  2 orcs (D:3)
  6 ball pythons
  7 bats
  5 endoplasms
  3 giant cockroaches (D:1)
  5 goblins
  10 hobgoblins
  5 jackals
  7 kobolds
  5 quokkas
  6 frilled lizards
  4 rats
73 creatures vanquished.

Notes
Turn   | Place    | Note
-------+----------+-------------------------------------------
     0 | D:1      | zxkuqyb the Gargoyle Monk began the quest for the Orb.
     0 | D:1      | Reached XP level 1. HP: 14/14 MP: 1/1
   108 | D:1      | Reached XP level 2. HP: 17/19 MP: 2/2
   432 | D:1      | Reached XP level 3. HP: 22/23 MP: 3/3
  1031 | D:2      | Reached XP level 4. HP: 27/29 MP: 4/4
  1044 | D:2      | Found Menwamip's Weapon Emporium.
  1286 | D:2      | Found a faded altar of an unknown god.
  1651 | D:3      | Noticed Jessica
  1660 | D:3      | Killed Jessica
  1717 | D:3      | Reached XP level 5. HP: 33/33 MP: 5/5
  1851 | D:3      | Found a bloodstained altar of Trog.
  2433 | D:4      | Noticed an ogre
  2466 | D:4      | Demolished by an ogre

Illustrated notes

Levels and vault maps discovered:
D:1:      tarquinn_simple_flora_water_b, layout_loops_cross,
          grunt_decor_resistance, minmay_misc_feat_diagonals,
          nicolae_kite_square_tiling_tiny
D:2:      minmay_wonky_spiral, layout_basic, serial_shops,
          nicolae_shop_bloodbath_and_beyond,
          dreamdust_ecumenical_altar_angels_and_demons, minmay_tall_x
D:3:      layout_loops_ring, mainiacjoe_overflow_concentric_impassable,
          minmay_misc_feat_tiny, minmay_misc_feat_encased, uniq_jessica
D:4:      old_forge, layout_basic, grunt_qazlal_clouds,
          ashenzari_conservatory_becter, minmay_temple_entry_hall,
          grunt_decor_mini_mirrors, amcnicky_mini_pool_small

Skill      XL: |  1  2  3  4 |
---------------+-------------+-----
Unarmed Combat | 4 |  4.6
Fighting       | 4 |  4.3
Dodging        | 3 |  3.1

Action                     |  1- 3 |  4- 6 || total
---------------------------+-------+-------++-------
  Melee: Unarmed           |   138 |   144 ||   282
         Punch             |     4 |     5 ||     9
   Fire: Sling             |       |     4 ||     4
  Throw: Dart              |       |    10 ||    10
   Stab: Sleeping          |     2 |     3 ||     5
 Armour: Robe              |    51 |    41 ||    92
  Dodge: Dodged            |   103 |    74 ||   177

Table legend: (Time is in decaauts)
 A = Elapsed time spent in this place.
 B = Non-inter-level travel time spent in this place.
 C = Inter-level travel time spent in this place.
 D = Time resting spent in this place.
 E = Time spent auto-exploring this place.
 F = Levels seen in this place.
 G = Mean time per level.
                   A        B        C        D        E       F      G
               +--------+--------+--------+--------+--------+-----+--------+
         Total |   2447 |   2382 |     65 |     46 |   1570 |   4 |  611.8 |
       Dungeon |   2447 |   2382 |     65 |     46 |   1570 |   4 |  611.8 |
               +--------+--------+--------+--------+--------+-----+--------+

Top non-repeatable levels by time:
     D:1: 997 daAuts
     D:3: 713 daAuts
     D:2: 640 daAuts
     D:4: 95 daAuts
